Map: Moondance

Players

Exterminator - Winner!

  • Race: Terran Terran
  • League: Silver
  • Spawn Location: 12:00

доктор

  • Race: Protoss Protoss
  • League: Silver
  • Spawn Location: 6:00

VOD

Have the link to the VOD?

Description

Ghost rush

Time

  • Played on: Oct. 27, 2022, 4:25 a.m.
  • Length: 13:38
Show
View Real Time Build Order
Export as new Build Order

Exterminator Terran - Winner!

Build Orders:  

Get SALT Encoding   

  12  0:00  SCV  
  13  0:12  SCV  
  14  0:18  Supply Depot  
  14  0:25  SCV  
  15  0:29  Refinery  
  15  0:43  Barracks  
  15  0:47  SCV  
  16  0:57  Refinery  
  16  0:59  SCV  
  17  1:12  Supply Depot  
  17  1:15  SCV  
  18  1:27  SCV  
  19  1:37  Ghost Academy  
  19  1:43  Barracks Tech Lab  
  19  1:48  SCV  
  20  2:07  Ghost  
  22  2:16  Barracks  
  22  2:20  SCV  
  23  2:41  Ghost  
  25  2:45  Personal Cloaking  
  25  2:54  SCV  
  26  3:03  Barracks Tech Lab  
  26  3:08  SCV  
  26  3:10  Ghost  
  29  3:22  Orbital Command  
  29  3:33  Ghost  
  31  3:47  Factory  
  31  4:20  Command Center  
  31  4:28  Engineering Bay  
  31  5:08  Ghost  
  30  5:14  SCV  
  28  5:34  Ghost  
  30  5:37  Ghost  
  32  5:43  Barracks  
  32  5:45  Factory Tech Lab  
  32  5:47  SCV  
  33  5:58  Refinery x2  
  33  6:02  Ghost  
  33  6:04  SCV  
  36  6:05  Ghost  
  36  6:10  Orbital Command  
  38  6:16  SCV  
  39  6:31  Ghost  
  41  6:34  Barracks Tech Lab  
  41  6:37  Barracks  
  41  6:41  Siege Tank  
  41  6:45  Ghost  
  46  7:02  Supply Depot  
  46  7:03  Supply Depot  
  46  7:08  Terran Infantry Weapons Level 1  
  46  7:23  Ghost  
  46  7:24  SCV x2  
  50  7:36  SCV, Siege Tank  
  54  7:37  Ghost  
  56  7:48  Ghost  
  58  7:53  SCV  
  59  8:05  Command Center  
  59  8:08  Ghost  
  61  8:18  Supply Depot  
  61  8:20  SCV, Supply Depot  
  61  8:25  Nuke  
  62  8:39  SCV x2, Siege Tank, Ghost  
  69  8:43  Ghost  
  71  8:52  SCV x2  
  73  9:01  Refinery  
  73  9:04  SCV x2  
  75  9:13  Ghost  
  75  9:16  SCV x2  
  75  9:17  Ghost  
  79  9:21  Ghost  
  83  9:24  Barracks Tech Lab  
  83  9:29  Siege Tank  
  86  9:31  SCV  
  87  9:45  Orbital Command  
  87  9:51  Ghost x2  
  91  9:55  SCV x2  
  93  10:12  Command Center  
  93  10:13  Supply Depot x2  
  93  10:17  Supply Depot  
  93  10:24  Starport  
  93  10:29  Terran Infantry Armor Level 1  
  93  10:34  Ghost  
  93  10:35  SCV x3, Siege Tank  
  101  10:44  Ghost  
  101  10:47  SCV x3  
  106  10:58  Ghost  
  106  10:59  SCV x3  
  111  11:11  SCV x3  
  111  11:12  Ghost  
  99  11:36  SCV x3  
  99  11:39  Orbital Command  
  102  11:44  Ghost  
  102  11:45  Ghost x3, Refinery  
  110  11:48  SCV, Siege Tank  
  110  11:52  Factory  
  114  11:56  Factory  
  114  12:04  SCV  
  114  12:05  SCV x3  
  114  12:16  SCV  
  114  12:17  SCV x3  
  114  12:20  Refinery  
  114  13:00  Ghost  
  114  13:01  Ghost x3  
Show
View Real Time Build Order
Export as new Build Order

доктор Protoss 

Build Orders: Oracle Opening 

Get SALT Encoding   

  12  0:12  Pylon  
  12  0:15  Probe (Chrono Boost)  
  13  0:27  Probe (Chrono Boost)  
  14  0:32  Probe (Chrono Boost)  
  15  0:42  Pylon  
  15  0:46  Gateway  
  15  0:51  Assimilator  
  15  0:55  Probe (Chrono Boost)  
  16  1:07  Probe (Chrono Boost)  
  17  1:16  Probe (Chrono Boost)  
  18  1:23  Probe  
  19  1:35  Probe  
  19  1:36  Cybernetics Core  
  20  1:40  Assimilator  
  20  1:42  Pylon  
  20  1:49  Probe  
  21  2:01  Probe  
  21  2:13  Probe  
  22  2:19  Stargate  
  22  2:22  Stalker  
  24  2:36  Gateway  
  24  2:41  Pylon  
  24  2:47  Warp Gate  
  24  2:48  Pylon  
  24  3:05  Robotics Facility  
  24  3:13  Probe (Chrono Boost)  
  25  3:24  Oracle  
  28  3:31  Stalker  
  30  3:36  Nexus  
  30  3:41  Pylon  
  30  3:46  Assimilator  
  30  4:01  Oracle  
  33  4:10  Observer  
  34  4:22  Gateway  
  34  4:25  Gateway  
  34  4:37  Stalker  
  35  4:38  Stalker  
  34  4:51  Observer (Chrono Boost)  
  30  5:04  Stalker x2  
  33  5:20  Observer (Chrono Boost)  
  30  5:26  Stalker  
  31  5:31  Probe (Chrono Boost)  
  32  5:36  Stalker  
  32  5:41  Probe (Chrono Boost)  
  35  5:46  Probe (Chrono Boost)  
  36  5:57  Probe  
  41  6:04  Void Ray (Chrono Boost)  
  41  6:09  Probe  
  42  6:13  Stalker  
  42  6:18  Stalker  
  46  6:33  Forge  
  46  6:34  Probe (Chrono Boost)  
  46  6:36  Pylon  
  47  6:45  Probe (Chrono Boost)  
  48  6:48  Observer (Chrono Boost)  
  48  6:50  Probe (Chrono Boost)  
  50  7:00  Void Ray  
  50  7:01  Probe x2  
  55  7:07  Stalker  
  55  7:08  Stalker  
  60  7:13  Probe (Chrono Boost)  
  60  7:14  Probe (Chrono Boost)  
  62  7:25  Probe (Chrono Boost)  
  64  7:31  Probe (Chrono Boost)  
  64  7:33  Probe (Chrono Boost)  
  65  7:38  Probe (Chrono Boost)  
  65  7:39  Probe  
  65  7:42  Photon Cannon  
  67  7:48  Photon Cannon  
  67  7:50  Probe  
  68  7:53  Photon Cannon  
  68  8:02  Probe  
  69  8:13  Pylon  
  69  8:17  Pylon, Stalker x2  
  69  8:19  Stalker x2  
  77  8:21  Pylon  
  77  8:23  Observer  
  78  8:34  Protoss Shields Level 1 (Chrono Boost)  
  78  8:37  Nexus  
  78  8:40  Assimilator  
  78  8:44  Pylon  
  78  8:45  Pylon  
  78  8:47  Pylon  
  78  9:09  Photon Cannon  
  78  9:12  Photon Cannon  
  78  9:18  Photon Cannon  
  78  9:19  Shield Battery  
  78  9:24  Shield Battery  
  78  9:27  Shield Battery  
  78  9:30  Assimilator  
  78  9:34  Fleet Beacon  
  78  9:43  Stargate  
  78  9:54  Protoss Air Weapons Level 1 (Chrono Boost)  
  78  9:58  Probe (Chrono Boost)  
  79  10:08  Stargate  
  79  10:09  Probe (Chrono Boost)  
  80  10:14  Probe (Chrono Boost)  
  80  10:18  Cybernetics Core  
  81  10:21  Twilight Council  
  81  10:23  Pylon  
  81  10:25  Probe  
  82  10:37  Probe  
  82  10:41  Carrier  
  89  10:48  Carrier  
  89  10:49  Probe  
  96  11:01  Probe  
  97  11:09  Protoss Air Armor Level 1 (Chrono Boost)  
  97  11:13  Probe  
  72  11:41  Carrier  
  72  11:45  Carrier (Chrono Boost), Observer  
  85  11:51  Probe (Chrono Boost)  
  86  12:06  Observer  
  51  12:46  Carrier (Chrono Boost)  
Tags
 
Add a new tag
Caveats
  • Supply blocks, unpowered buildings, or Contaminate may cause inaccurate times.
  • Supply counts are checked every 10 seconds.